 Dungeon Crawl Stone Soup version 0.30-a0-331-g8ab09dc110 (webtiles) character file.

Game seed: 15532821006253683043

30731 bande the Severer (level 13, -12/114 HPs)
             Began as a Hill Orc Fighter on Oct 30, 2022.
             Was the Champion of Okawaru.
             Mangled by a catoblepas (18 damage)
             ... on level 4 of the Lair of Beasts.
             The game lasted 00:35:04 (17517 turns).

bande the Severer (Hill Orc Fighter)               Turns: 17517, Time: 00:35:04

Health: -12/114    AC: 21    Str: 18    XL:     13   Next: 53%
Magic:  0/20       EV:  6    Int:  8    God:    Okawaru [******]
Gold:   651        SH: 18    Dex: 17    Spells: 12/12 levels left

rFire   + . .      SeeInvis .    n - +2 broad axe (flame)
rCold   . . .      Faith    .    k - +2 kite shield {reflect}
rNeg    . . .      Spirit   +    c - +4 chain mail {rF+}
rPois   .          Reflect  +    (helmet restricted)
rElec   .          Harm     .    K - +0 cloak
rCorr   .          Rampage  .    Q - +1 pair of gloves {Dex+3}
Will    ++...                    (no boots)
Stlth   ..........               J - amulet of guardian spirit
HPRegen 0.39/turn                y - ring of willpower
MPRegen 0.17/turn                f - ring of willpower

@: no status effects
A: horns 1, iridescent scales 1, large bone plates 1, weak 1
a: Renounce Religion, Heroism, Finesse, Duel


You were on level 4 of the Lair of Beasts.
You worshipped Okawaru.
Okawaru was exalted by your worship.
You visited 3 branches of the dungeon, and saw 15 of its levels.
You also visited: Volcano.

You collected 1117 gold pieces.
You spent 466 gold pieces at shops.

Inventory:

Hand Weapons
 a - the +8 storm bow {elec, penet}
   (You found it in a volcano)

   Any ammunition fired from it occasionally discharges a powerful burst of
   electricity upon striking a foe.
   Any ammunition fired by it passes through the targets it hits, potentially
   hitting all targets in its path until it reaches maximum range.
 n - a +2 broad axe of flaming (weapon)
 I - a +0 broad axe of venom
Armour
 c - a +4 chain mail of fire resistance (worn)
 k - a +2 kite shield of reflection (worn)
 E - a +2 helmet
 K - a +0 cloak (worn)
 Q - a +1 pair of gloves of dexterity (worn)
Jewellery
 f - a ring of willpower (right hand)
 h - a +6 ring of dexterity
 l - a ring of positive energy
 o - a ring of protection from fire
 q - a +6 ring of strength
 s - a ring of positive energy
 t - an amulet of regeneration
 v - a ring of protection from fire
 y - a ring of willpower (left hand)
 A - a ring of ice
 C - a ring of resist corrosion
 G - a +6 ring of dexterity
 J - an amulet of guardian spirit (around neck)
 O - an amulet of the acrobat
 P - an amulet of reflection
Wands
 m - a wand of roots (7)
 w - a wand of flame (19)
 D - a wand of polymorph (6)
 H - a wand of acid (15)
Scrolls
 g - 5 scrolls of fog
 r - 4 scrolls of teleportation
 x - 2 scrolls of enchant weapon
 z - a scroll of fear
 L - 2 scrolls of blinking
Potions
 b - 5 potions of curing
 d - 3 potions of might
 e - 2 potions of mutation
 i - 3 potions of haste
 j - 5 potions of heal wounds
 p - a potion of magic
 B - 2 potions of invisibility
 F - 4 potions of brilliance
Miscellaneous
 M - a lightning rod (4/4)


   Skills:
 + Level 10.7 Fighting
 + Level 16.1 Axes
 + Level 10.5 Armour
 - Level 0.1 Stealth
 + Level 10.1 Shields
 * Level 10.4 Invocations
 * Level 8.9 Evocations


You had 12 spell levels left.
You didn't know any spells.
Your spell library contained the following spells:

 Spells                   Type           Power      Damage    Failure   Level
 Foxfire                  Conj/Fire      0%         2x1d4     100%        1
 Slow                     Hex            0%         N/A       100%        1
 Cigotuvi's Dreadful Rot  Necr/Pois/Air  0%         N/A       100%        2
 Ensorcelled Hibernation  Hex/Ice        0%         N/A       100%        2
 Passwall                 Tmut/Erth      0%         N/A       100%        2
 Poisonous Vapours        Pois/Air       0%         N/A       100%        2
 Confusing Touch          Hex            0%         N/A       100%        3
 Mephitic Cloud           Conj/Pois/Air  0%         N/A       100%        3
 Ozocubu's Armour         Ice            0%         N/A       100%        3
 Swiftness                Air            0%         N/A       100%        3
 Vampiric Draining        Necr           0%         2d6       100%        3
 Fireball                 Conj/Fire      0%         3d3       100%        5
 Metabolic Englaciation   Hex/Ice        0%         N/A       100%        5
 Starburst                Conj/Fire      0%         6d3       100%        6
 Simulacrum               Ice/Necr       Unusable   N/A       N/A         6

Dungeon Overview and Level Annotations

Branches:
Dungeon (9/15)             Temple (1/1) D:6            Lair (5/5) D:9
 Shoals (0/4) Lair:3       Spider (0/4) Lair:2          Orc (0/2) D:9
Volcano (visited)
  Slime: Lair:4-5

Altars:
Cheibriados
Dithmenos
Elyvilon
Gozag
Hepliaklqana
Kikubaaqudgha
Makhleb
Nemelex Xobeh
Okawaru
Qazlal
Ru
Sif Muna
Trog
Uskayaw
Vehumet
Wu Jian
Xom
Yredelemnul
The Shining One

Shops:
D:1 *   D:3 **[:(   D:5 *   D:9 [([?[

Annotations:
Temple 2 transporters


Innate Abilities, Weirdness & Mutations

You have a pair of small horns on your head.
You are partially covered in iridescent scales. (AC +2)
You are partially covered in large bone plates. (SH +4)
You are weak. (Str -2)


Message History

You hit the catoblepas but do no damage.
You are engulfed in calcifying dust.
The catoblepas breathes a plume of calcifying dust at you.
The blast of calcifying dust hits you but does no damage.
The catoblepas gores you!
You have turned to stone.
The catoblepas gores you! The catoblepas barely misses you.
The catoblepas gores you but does no damage.
The catoblepas breathes in.
The catoblepas gores you!
The catoblepas gores you but does no damage.
The catoblepas gores you!!
* * * LOW HITPOINT WARNING * * *
The catoblepas breathes a plume of calcifying dust at you.
The blast of calcifying dust hits you but does no damage.
The catoblepas gores you!
* * * LOW HITPOINT WARNING * * *
You are engulfed in calcifying dust.
The catoblepas barely misses you. The catoblepas gores you.
You are engulfed in calcifying dust.
The catoblepas gores you but does no damage.
The catoblepas breathes a plume of calcifying dust at you.
The blast of calcifying dust hits you.
You are engulfed in calcifying dust.
The catoblepas gores you but does no damage.
The catoblepas gores you!
* * * LOW HITPOINT WARNING * * *
The catoblepas gores you!
* * * LOW HITPOINT WARNING * * *
The catoblepas gores you!
* * * LOW HITPOINT WARNING * * *
The catoblepas gores you!
* * * LOW HITPOINT WARNING * * *
The catoblepas gores you!
* * * LOW HITPOINT WARNING * * *
You turn to flesh and can move again.
You hit the catoblepas. You burn the catoblepas.
You headbutt the catoblepas, but do no damage.
The catoblepas is severely wounded.
You hit the catoblepas. You burn the catoblepas. The catoblepas gores you!!
You die...

......+..#.#.#.#.#
.....#...........# .P#
.....##..#.#.#.#.# ..
.....##..........###.#####.
......##.#>#.#.#...........
.............§.............
.........#.#.#.#...........
...............§...........
.#...##.....§..@Y.........
.##P# ###.....÷†Y.........
...#####P###...............
..##.....###....####.###.#.
..###......'...## .# #
..###..|.#.#....###P..
..P#.##.###............
..P#########...#.......#
....##P.#.#....##.##


You could see 2 catoblepae.

Vanquished Creatures
  3 hydras
  A hell hog (Volcano)
  3 death yaks (Lair:4)
  A fire crab (Volcano)
  An obsidian statue (Volcano)
  7 elephants
  A merfolk siren (Lair:3)
  4 black mambas
  12 cane toads
  A rime drake (Lair:5)
  5 komodo dragons
  Prince Ribbit (D:5)
  16 blink frogs
  A culicivora (Lair:2)
  3 wyverns
  26 yaks
  9 fire bats (Volcano)
  A steam dragon (Volcano)
  An acid dragon (D:8)
  4 wargs (D:9)
  11 water moccasins
  A hell hound (Volcano)
  3 ice beasts (D:7)
  An orc warrior (D:8)
  6 black bears
  3 ogres
  11 wolves
  4 centaurs
  A phantom (D:4)
  2 kobold brigands
  16 bullfrogs
  3 necrophages
  3 scorpions
  5 wights (D:9)
  11 killer bees
  3 electric eels (Lair:3)
  3 howler monkeys
  9 lava snakes
  2 jellies
  4 orc priests
  A gnoll bouda (D:5)
  4 hounds
  3 iguanas
  3 orc wizards
  6 hell rats (Lair:2)
  7 gnolls
  10 adders
  4 white imps
  An ufetubus (D:7)
  A worm (D:2)
  3 dart slugs
  19 orcs
  12 endoplasms
  3 giant cockroaches
  12 hobgoblins
  7 jackals
  5 quokkas
  7 ball pythons
  2 bats
  5 frilled lizards
  8 goblins
  22 kobolds
  4 rats (D:3)
352 creatures vanquished.

Vanquished Creatures (others)
  A bush (Lair:5)
  56 fungi
  55 plants
112 creatures vanquished.

Grand Total: 464 creatures vanquished

Notes
Turn   | Place    | Note
-------+----------+-------------------------------------------
     0 | D:1      | bande the Hill Orc Fighter began the quest for the Orb.
     0 | D:1      | Reached XP level 1. HP: 19/19 MP: 1/1
    20 | D:1      | Found Acyitef's General Store.
    54 | D:1      | Reached XP level 2. HP: 26/27 MP: 2/2
   389 | D:1      | Reached skill level 3 in Axes
   483 | D:1      | Reached XP level 3. HP: 29/33 MP: 3/3
   994 | D:2      | Reached skill level 4 in Axes
   994 | D:2      | Reached XP level 4. HP: 33/40 MP: 4/4
  1048 | D:2      | Found an ornate altar of the Wu Jian Council.
  1530 | D:3      | Found a faded altar of an unknown god.
  1730 | D:3      | Found Yzuw Woan's General Store.
  1977 | D:3      | Found Qopen's Armour Shoppe.
  1990 | D:3      | Found Yshram's Book Shoppe.
  2053 | D:3      | Found Zoecyedd's Antique Weapon Shop.
  2269 | D:3      | Reached skill level 5 in Axes
  2269 | D:3      | Reached XP level 5. HP: 45/46 MP: 5/5
  2453 | D:3      | Found Gomeg's General Store.
  2461 | D:3      | Bought 2 potions of heal wounds for 140 gold pieces
  2608 | D:4      | Noticed a phantom
  2616 | D:4      | Found a radiant altar of Vehumet.
  2621 | D:4      | Killed a phantom
  2622 | D:4      | Reached skill level 6 in Axes
  2622 | D:4      | Reached XP level 6. HP: 29/53 MP: 6/6
  2930 | D:4      | Reached skill level 5 in Armour
  2987 | D:4      | Found a shimmering altar of Xom.
  3064 | D:4      | Reached skill level 7 in Axes
  3070 | D:4      | Reached XP level 7. HP: 29/60 MP: 7/7
  3677 | D:5      | Entered Level 5 of the Dungeon
  3986 | D:4      | Reached skill level 5 in Fighting
  4002 | D:5      | Reached skill level 1 in Evocations
  4224 | D:5      | Reached skill level 8 in Axes
  4224 | D:5      | Reached XP level 8. HP: 25/68 MP: 8/8
  4414 | D:5      | Noticed Prince Ribbit
  4433 | D:5      | Killed Prince Ribbit
  4624 | D:5      | Found Oza Ygg's Fire Supplies.
  5515 | D:5      | Reached skill level 9 in Axes
  5613 | D:6      | Identified the +5 short sword "Yfett" {vorpal, rPois rC-
                  | Int+9}
  5737 | D:6      | Reached XP level 9. HP: 71/74 MP: 9/9
  5814 | D:6      | Found a staircase to the Ecumenical Temple.
  5930 | Temple   | Entered the Ecumenical Temple
  5930 | Temple   | Found a transporter.
  5930 | Temple   | Found a transporter.
  5932 | Temple   | Found a transporter.
  5932 | Temple   | Found a transporter.
  5950 | Temple   | Became a worshipper of Warmaster Okawaru
  6084 | D:6      | Found a hide-covered altar of Uskayaw.
  6114 | D:6      | Reached skill level 5 in Shields
  6114 | D:6      | Reached skill level 1 in Invocations
  6307 | D:6      | Reached skill level 10 in Axes
  6801 | D:7      | Found a stormy altar of Qazlal.
  6841 | D:7      | Reached * piety under Okawaru
  7573 | D:8      | Gained mutation: You are partially covered in large bone
                  | plates. (SH +4) [potion of mutation]
  7573 | D:8      | Gained mutation: You are partially covered in iridescent
                  | scales. (AC +2) [potion of mutation]
  7573 | D:8      | Gained mutation: You are weak. (Str -2) [potion of
                  | mutation]
  7573 | D:8      | Gained mutation: You have a pair of small horns on your
                  | head. [potion of mutation]
  7643 | D:8      | Found a hazy altar of Hepliaklqana.
  7863 | D:8      | Reached skill level 11 in Axes
  7952 | D:8      | Found an opulent altar of Gozag.
  7976 | D:8      | Found an ancient bone altar of Kikubaaqudgha.
  7982 | D:8      | Reached ** piety under Okawaru
  7994 | D:8      | Reached XP level 10. HP: 66/84 MP: 12/12
  8217 | D:8      | Reached skill level 5 in Evocations
  8525 | D:9      | Found Keelar's Antique Armour Emporium.
  8578 | D:9      | Found Capn's Armour Shop.
  8586 | D:9      | Bought a +2 kite shield of reflection for 203 gold pieces
  9111 | D:9      | Reached skill level 12 in Axes
  9113 | D:9      | Reached *** piety under Okawaru
  9122 | D:9      | Found a staircase to the Lair.
  9149 | D:9      | Reached skill level 5 in Invocations
  9254 | D:9      | Found a staircase to the Orcish Mines.
  9391 | D:9      | Found Lowasus's Weapon Emporium.
  9511 | D:9      | Found Ytov's Armour Emporium.
  9560 | D:9      | Found a burning altar of Makhleb.
  9560 | D:9      | Noticed a balrug
  9578 | D:9      | Reached **** piety under Okawaru
  9579 | D:9      | Reached XP level 11. HP: 94/94 MP: 15/15
  9605 | D:9      | Found Nullad's Magic Scroll Shop.
  9773 | Lair:1   | Entered Level 1 of the Lair of Beasts
 10108 | D:1      | Bought a scroll of brand weapon for 123 gold pieces
 10776 | Lair:1   | Reached skill level 13 in Axes
 11227 | Lair:1   | Reached ***** piety under Okawaru
 11245 | Lair:1   | Received a gift from Okawaru
 12328 | Lair:2   | Found a dark tunnel.
 12336 | Volcano  | Entered a volcano
 12361 | Volcano  | Received a gift from Okawaru
 12385 | Volcano  | Reached skill level 14 in Axes
 12409 | Volcano  | Reached XP level 12. HP: 104/104 MP: 17/17
 12549 | Volcano  | Received a gift from Okawaru
 12561 | Volcano  | Found a bloodstained altar of Trog.
 12670 | Volcano  | Noticed a hell hog
 12689 | Volcano  | Killed a hell hog
 12841 | Volcano  | Found the +8 storm bow {elec, penet}
 13477 | Lair:2   | Found a hole to the Spider Nest.
 14149 | Lair:2   | Received a gift from Okawaru
 14484 | Lair:3   | Reached skill level 15 in Axes
 14721 | Lair:3   | Reached skill level 10 in Armour
 15020 | Lair:3   | Reached skill level 10 in Fighting
 15219 | Lair:3   | Found a staircase to the Shoals.
 15718 | Lair:4   | Reached XP level 13. HP: 113/113 MP: 20/20
 16048 | Lair:4   | Reached skill level 10 in Invocations
 16182 | Lair:4   | You fall into a shaft and drop 1 floor!
 16182 | Lair:5   | Entered Level 5 of the Lair of Beasts
 16645 | Lair:5   | Reached ****** piety under Okawaru
 16738 | Lair:5   | Reached skill level 10 in Shields
 16742 | Lair:5   | Reached skill level 16 in Axes
 17517 | Lair:4   | Mangled by a catoblepas

Illustrated notes

Levels and vault maps discovered:
D:1:      lemuel_arrival_rhombus, layout_basic, serial_shops, shop_statue
D:2:      layout_basic, basic_altar, hangedman_glass_teeth
D:3:      minmay_chambers_of_twos, layout_basic, serial_shops,
          nicolae_shop_window_shopping, nicolae_shop_stone, nicolae_shop_stone,
          shop, nicolae_shop_trees, nicolae_ecumenical_pavilion,
          kennysheep_another_room, dreamdust_mushroom_princess
D:4:      layout_loops_cross, mainiacjoe_overflow_large_starburst
D:5:      layout_layer_cave, nicolae_shop_fire_sale [nicolae_sub_dead_trees],
          eino_small_chamber_without_monster, uniq_prince_ribbit1
D:6:      layout_basic, eat_drink_and_be_merry_uskayaw,
          lemuel_temple_firewalk_a, minmay_misc_feat_square,
          corexii_leaking_fountain, grunt_ministairs_3
D:7:      layout_basic, grunt_qazlal_clouds, nicolae_eternal_life
D:8:      layout_loops_ring, amcnicky_altar_gilded,
          nicolae_kikubaaqudgha_miasma_corner, grunt_gozag_statues
D:9:      layout_basic, makhleb_altar_promises_db, due_lair_maze_entry_diamond,
          minmay_orc_entry_guard_dogs, serial_shops, shop, kennysheep_mini_moat,
          nicolae_shop_hallway_stairs, kennysheep_mini, nicolae_stop_n_shop_1,
          minmay_misc_feat_doors
Temple:   hellmonk_temple_divided_pantheon
Lair:1:   layout_chaotic_city
Lair:2:   layout_small_grid, spider_nest_entry_rubble,
          nicolae_volcano_entry_hallway, grunt_megastairs_3,
          infiniplex_staircase_pool_2
Lair:3:   layout_loops_ring, minmay_shoals_entry_lonely_mermaid,
          nicolae_lair_liquid_snakes
Lair:4:   layout_regular_city, st_stairs_8, cheibrodos_lair_reptile_den
Lair:5:   evilmike_catoblepas_cave, layout_hall_layers, slime_entry_1,
          nicolae_lair_grazing_beasts [nicolae_sub_lair_graze_edge,
          nicolae_sub_lair_graze_edge, nicolae_sub_lair_graze_edge,
          nicolae_sub_lair_graze_edge]

Skill      XL: |  1  2  3  4  5  6  7  8  9 10 11 12 13 |
---------------+----------------------------------------+-----
Fighting       | 4 5 6 8 9 10 | 10.7
Axes           | 3 4 5 6 7 8 9 11 12 14 15 16 | 16.1
Armour         | 4 5 7 8 9 10 | 10.5
Shields        | 4 5 7 8 9 10 | 10.1
Evocations     | 1 3 4 5 7 8 |  8.9
Invocations    | 3 5 7 9 10 | 10.4
Stealth        | |  0.1

Action                   |  1- 3 |  4- 6 |  7- 9 | 10-12 | 13-15 || total
-------------------------+-------+-------+-------+-------+-------++-------
Melee: War axe           |    90 |   166 |   359 |   279 |       ||   894
       Headbutt          |       |       |    10 |   142 |    38 ||   190
       Broad axe         |       |       |       |   337 |   121 ||   458
  Use: Scroll            |       |       |     6 |    16 |       ||    22
       Potion            |       |       |     1 |     2 |       ||     3
Armor: Scale mail        |    32 |    74 |   182 |   120 |       ||   408
       Chain mail        |       |       |       |    66 |    85 ||   151
Dodge: Dodged            |    38 |    69 |   177 |   158 |    18 ||   460
Block: Buckler           |    13 |    38 |   141 |    10 |       ||   202
       Kite shield       |       |       |       |   508 |   147 ||   655
       Reflection        |       |       |       |     8 |     1 ||     9

Table legend: (Time is in decaauts)
 A = Elapsed time spent in this place.
 B = Non-inter-level travel time spent in this place.
 C = Inter-level travel time spent in this place.
 D = Time resting spent in this place.
 E = Time spent auto-exploring this place.
 F = Levels seen in this place.
 G = Mean time per level.
                   A        B        C        D        E       F      G
               +--------+--------+--------+--------+--------+-----+--------+
         Total |  17657 |  17033 |    624 |   3377 |  10239 |  16 | 1103.6 |
       Dungeon |  10403 |   9874 |    529 |   1521 |   6220 |   9 | 1155.9 |
        Temple |     38 |     38 |      0 |      0 |      0 |   1 |   38.0 |
          Lair |   6528 |   6433 |     95 |   1600 |   3852 |   5 | 1305.6 |
       Volcano |    687 |    687 |      0 |    256 |    167 |   1 |  687.0 |
               +--------+--------+--------+--------+--------+-----+--------+

Top non-repeatable levels by time:
  Lair:2: 1708 daAuts
     D:5: 1611 daAuts
     D:4: 1594 daAuts
  Lair:1: 1530 daAuts
  Lair:3: 1395 daAuts
     D:9: 1351 daAuts
  Lair:4: 1181 daAuts
     D:6: 1159 daAuts
     D:8: 1035 daAuts
     D:3: 1025 daAuts
     D:7: 940 daAuts
     D:2: 876 daAuts
     D:1: 809 daAuts
  Lair:5: 712 daAuts
 Volcano: 687 daAuts
